Map: Inside and Out

Players

Exterminator - Winner!

  • Race: Protoss Protoss
  • League: Silver
  • Spawn Location: 7:00

Peter

  • Race: Terran Terran
  • League: Silver
  • Spawn Location: 1:00

VOD

Have the link to the VOD?

Description

Time

  • Played on: Oct. 30, 2022, 9:26 p.m.
  • Length: 10:54
Show
View Real Time Build Order
Export as new Build Order

Exterminator Protoss - Winner!

Build Orders: Oracle Opening 

Get SALT Encoding   

  12  0:00  Probe (Chrono Boost)  
  13  0:10  Probe (Chrono Boost)  
  14  0:15  Probe (Chrono Boost)  
  15  0:24  Pylon  
  15  0:35  Assimilator  
  15  0:42  Probe  
  16  0:45  Gateway  
  16  0:54  Probe  
  17  1:06  Probe (Chrono Boost)  
  17  1:09  Assimilator  
  19  1:18  Probe (Chrono Boost)  
  19  1:26  Probe (Chrono Boost)  
  19  1:32  Cybernetics Core  
  20  1:36  Probe  
  21  1:43  Pylon  
  21  1:48  Probe  
  22  2:03  Nexus  
  22  2:10  Stalker  
  24  2:23  Robotics Facility  
  24  2:26  Probe  
  25  2:40  Zealot  
  25  2:43  Stargate  
  27  2:53  Probe  
  28  3:05  Probe  
  28  3:08  Zealot  
  31  3:18  Probe (Chrono Boost)  
  31  3:19  Pylon  
  32  3:27  Probe (Chrono Boost)  
  32  3:28  Pylon  
  32  3:31  Probe (Chrono Boost)  
  32  3:32  Pylon  
  34  3:38  Probe (Chrono Boost)  
  34  3:39  Probe (Chrono Boost)  
  34  3:40  Observer, Oracle (Chrono Boost)  
  37  3:43  Probe (Chrono Boost)  
  41  3:50  Stalker  
  41  3:54  Probe  
  44  3:55  Probe  
  44  4:01  Gateway  
  45  4:06  Gateway  
  45  4:12  Gateway  
  45  4:17  Probe x2  
  47  4:23  Gateway  
  47  4:30  Assimilator  
  47  4:31  Probe x2  
  47  4:33  Assimilator  
  49  4:41  Observer  
  50  5:13  Stalker x2  
  50  5:14  Stalker x3  
  58  5:16  Probe x2 (Chrono Boost)  
  62  5:27  Probe x2 (Chrono Boost)  
  64  5:31  Probe x2 (Chrono Boost)  
  64  5:32  Nexus  
  66  5:42  Probe x2  
  68  5:43  Zealot  
  70  6:00  Pylon  
  70  6:03  Pylon  
  70  6:18  Zealot (Chrono Boost)  
  70  6:19  Zealot x3 (Chrono Boost)  
  70  6:21  Immortal  
  84  6:30  Zealot (Chrono Boost)  
  84  6:39  Zealot (Chrono Boost)  
  86  6:41  Zealot x2 (Chrono Boost)  
  86  6:42  Zealot (Chrono Boost)  
  92  6:48  Pylon  
  92  6:50  Zealot, Pylon  
  92  6:53  Pylon  
  83  7:44  Stalker x2 (Chrono Boost)  
  91  7:50  Stalker x2 (Chrono Boost)  
  91  7:51  Stalker (Chrono Boost)  
  93  7:54  Probe  
  93  7:55  Probe  
  95  8:02  Probe  
  96  8:07  Zealot x2 (Chrono Boost), Probe x2  
  102  8:13  Zealot x2  
  102  8:14  Zealot, Probe  
  102  8:19  Probe x2  
  111  8:26  Probe, Assimilator  
  112  8:30  Immortal, Assimilator  
  112  8:31  Twilight Council  
  112  8:33  Zealot  
  112  8:34  Zealot  
  120  8:40  Zealot x2  
  124  8:45  Probe  
  125  9:03  Nexus  
  125  9:14  Pylon  
  125  9:17  Pylon  
  125  9:20  Pylon  
  125  9:27  Pylon  
  125  9:30  Pylon  
  125  9:32  Zealot, Probe x3, Oracle  
  125  9:37  Pylon  
  131  9:44  Probe  
  130  9:54  Pylon  
Show
View Real Time Build Order
Export as new Build Order

Peter Terran 

Build Orders:  

Get SALT Encoding   

  12  0:02  SCV  
  13  0:22  Supply Depot  
  13  0:33  Refinery  
  13  0:34  Supply Depot  
  13  0:35  SCV  
  14  0:52  Barracks  
  14  1:01  SCV  
  15  1:13  Barracks  
  15  1:29  SCV  
  16  1:52  Factory  
  16  1:53  Refinery  
  16  1:54  Marine  
  17  2:10  Barracks Tech Lab  
  17  2:12  Marine  
  18  2:28  Orbital Command  
  18  2:29  Marine  
  18  2:36  Marauder  
  21  2:41  Factory Tech Lab  
  21  2:47  Marine  
  22  3:02  Siege Tank  
  22  3:05  Marine  
  26  3:45  Marauder  
  28  4:07  Marauder, Command Center  
  30  4:36  Supply Depot  
  30  4:52  Marauder, Supply Depot  
  31  4:58  Siege Tank  
  31  5:14  Marauder  
  33  5:27  Engineering Bay  
  33  5:41  SCV  
  34  5:53  SCV  
  35  6:14  Siege Tank  
  38  6:30  SCV  
  39  6:42  SCV  
  39  6:43  SCV  
  39  6:46  Siege Tank  
  44  6:54  SCV  
  42  7:10  Missile Turret  
  21  7:56  SCV  
  22  8:08  SCV  
  23  8:18  Siege Tank  
  26  8:20  SCV  
  27  8:33  SCV  
  28  8:40  Starport  
  28  8:45  SCV  
  29  8:49  Barracks Reactor  
  29  9:07  Siege Tank  
  32  9:16  Marauder  
  34  9:26  Starport Tech Lab  
Tags
 
Add a new tag
Caveats
  • Supply blocks, unpowered buildings, or Contaminate may cause inaccurate times.
  • Supply counts are checked every 10 seconds.